[Event "Titled Tuesday Blitz March 07 Late 2023"]
[White "Baskakov, Egor"]
[Black "Mendez Fortes, Eduardo Jesus"]
[WhiteFideId "24197866"]
[BlackFideId "3502376"]
[WhiteElo "2212"]
[BlackElo "2307"]
[Result "1-0"]
[Round "02"]
[TimeControl "180+2"]
[Date "2023.03.07"]
[WhiteClock "0:00:48"]
[BlackClock "0:00:13"]

1. e4 e5 2. Nc3 Nf6 3. g3 Nc6 4. Bg2 Bc5 5. h3 d6 6. Nge2 Bb6 7. O-O Be6 8. Nd5 Bxd5 9. exd5 Ne7 10. c4 Qd7 11. d3 c6 12. dxc6 bxc6 13. d4 e4 14. Bg5 d5 15. Bxf6 gxf6 16. cxd5 cxd5 17. Nf4 Bc7 18. Nh5 Qe6 19. Rc1 Bd6 20. Qa4+ Kf8 21. f3 Rg8 22. fxe4 dxe4 23. Rxf6 Qd5 24. g4 Rg6 25. Re1 Qg5 26. Rff1 Rb8 27. Qc4 f5 28. Rxe4 Rxb2 29. Re2 Rxe2 30. Qxe2 f4 31. Qe4 Rf6 32. Nxf6 Qxf6 33. Qxh7 Qxd4+ 34. Kh1 Qe5 35. Qe4 Qg5 36. Qa8+ Kg7 37. Qxa7 Qe5 38. Bf3 Qc3 39. Qf2 Bc5 40. Qe2 Be3 41. Rb1 Ng6 42. Qb2 Qxb2 43. Rxb2 Nh4 44. Be4 f3 45. Bxf3 Nxf3 46. Rb3 1-0


[Site "https://www.chess.com"]

[Event "Titled Tuesday Blitz March 07 Late 2023"]
[White "Urbina Perez, Juan Antonio"]
[Black "Oganian, Miran"]
[WhiteFideId "2217368"]
[BlackFideId "4122488"]
[WhiteElo "2197"]
[BlackElo "2323"]
[Result "1/2-1/2"]
[Round "02"]
[TimeControl "180+2"]
[Date "2023.03.07"]
[WhiteClock "0:01:16"]
[BlackClock "0:01:02"]

1. c4 e6 2. Nf3 d5 3. d4 a6 4. cxd5 exd5 5. g3 Nf6 6. Bg2 c6 7. O-O Be7 8. Nc3 Nbd7 9. Rb1 O-O 10. b4 Re8 11. Bf4 Nf8 12. a4 Bf5 13. Rb2 Bd6 14. Bxd6 Qxd6 15. b5 axb5 16. axb5 Ra3 17. Rb3 Rxb3 18. Qxb3 Ne4 19. bxc6 bxc6 20. Rc1 h6 21. Nxe4 Bxe4 22. Ne5 Bxg2 23. Kxg2 c5 24. Qa3 Ne6 25. Nf3 Rc8 26. dxc5 Rxc5 27. Rxc5 Nxc5 28. Nd4 Ne4 29. Qxd6 Nxd6 30. Kf3 Kf8 31. Kf4 Nc4 32. Nf5 f6 33. Ne3 Nb6 34. h4 g6 35. h5 Kf7 36. hxg6+ Kxg6 37. Nf5 h5 38. Ne7+ Kf7 39. Nc6 Kg6 40. Nd4 Nc4 41. Ne6 Nb6 42. Ke3 Kf5 43. Nf4 h4 44. gxh4 Nc4+ 45. Kf3 Nd2+ 46. Kg3 Ne4+ 47. Kf3 Nd2+ 48. Kg3 Ne4+ 49. Kf3 Nd2+ 1/2-1/2


[Site "https://www.chess.com"]

[Event "Titled Tuesday Blitz March 07 Late 2023"]
[White "Pakleza, Zbigniew"]
[Black "Kretchetov, Alexandre"]
[WhiteFideId "1119290"]
[BlackFideId "4124588"]
[WhiteElo "2410"]
[BlackElo "2532"]
[Result "1-0"]
[Round "02"]
[TimeControl "180+2"]
[Date "2023.03.07"]
[WhiteClock "0:00:05"]
[BlackClock "0:00:53"]

1. d4 d5 2. Bf4 Nf6 3. e3 g6 4. Nf3 Bg7 5. Be2 O-O 6. O-O c5 7. c3 cxd4 8. cxd4 Nc6 9. Nc3 Bg4 10. Qb3 Na5 11. Qa4 a6 12. Rfc1 b5 13. Qd1 Bxf3 14. Bxf3 Rc8 15. Nxd5 Nxd5 16. Rxc8 Qxc8 17. Bxd5 Rd8 18. Rc1 Qd7 19. Bf3 e5 20. Bxe5 Bxe5 21. dxe5 Qe7 22. Qe1 Nc4 23. b3 Nxe5 24. Be2 Nd3 25. Bxd3 Rxd3 26. h3 Qd6 27. Qa5 Kg7 28. g3 Qd5 29. Qxa6 h5 30. Qc8 h4 31. gxh4 Rd2 32. Qc3+ Kh7 33. e4 Qd7 34. Qf3 Rxa2 35. h5 Rd2 36. hxg6+ fxg6 37. Rc3 Rd1+ 38. Kg2 Rd6 39. Qg3 Qe7 40. Re3 Re6 41. e5 Kh6 42. Qf4+ g5 43. Qf5 Rg6 44. Rd3 Qb7+ 45. f3 Qc6 46. Qxg6+ Kxg6 47. Rd6+ Qxd6 48. exd6 Kf6 49. Kg3 1-0


[Site "https://www.chess.com"]

[Event "Titled Tuesday Blitz March 07 Late 2023"]
[White "Poltorak, Sebastian"]
[Black "Holt, Conrad"]
[WhiteFideId "1199498"]
[BlackFideId "2034387"]
[WhiteElo "2195"]
[BlackElo "2592"]
[Result "0-1"]
[Round "02"]
[TimeControl "180+2"]
[Date "2023.03.07"]
[WhiteClock "0:01:22"]
[BlackClock "0:01:24"]

1. e4 e6 2. Nc3 d5 3. exd5 exd5 4. d4 Nf6 5. Bd3 Nc6 6. Nge2 Bd6 7. Bg5 Be6 8. Qd2 h6 9. Bh4 a6 10. Nf4 Bxf4 11. Qxf4 g5 12. Bxg5 hxg5 13. Qxg5 Rg8 14. Qh4 Rxg2 15. O-O-O Rg4 16. Qh6 Qe7 17. Na4 Nxd4 18. Rhe1 O-O-O 19. Nc5 Qxc5 20. Qxf6 Rgg8 21. Bh7 Rh8 22. Bd3 Rh3 23. c3 Nc6 24. Rxe6 Rxd3 25. Rxd3 fxe6 26. Qxe6+ Kb8 27. Qf6 Qc4 0-1


[Site "https://www.chess.com"]

[Event "Titled Tuesday Blitz March 07 Late 2023"]
[White "Melkumyan, Hrant"]
[Black "Do Nascimento,Christian Almeida"]
[WhiteFideId "13302485"]
[BlackFideId "2143801"]
[WhiteElo "2604"]
[BlackElo "2125"]
[Result "1-0"]
[Round "02"]
[TimeControl "180+2"]
[Date "2023.03.07"]
[WhiteClock "0:01:46"]
[BlackClock "0:01:46"]

1. d4 d5 2. c4 e6 3. Nc3 Nf6 4. Bg5 a6 5. e3 dxc4 6. Bxc4 b5 7. Be2 Bb7 8. Bf3 Qc8 9. Bxf6 gxf6 10. Rc1 Nd7 11. Nh3 c5 12. dxc5 Bxc5 13. O-O O-O 14. b4 Be7 15. Nd5 Qd8 16. Nxe7+ Qxe7 17. Bxb7 1-0


[Site "https://www.chess.com"]

[Event "Titled Tuesday Blitz March 07 Late 2023"]
[White "Liu, Eric"]
[Black "Kosakowski, Jakub"]
[WhiteFideId "30960240"]
[BlackFideId "1185080"]
[WhiteElo "2094"]
[BlackElo "2488"]
[Result "0-1"]
[Round "02"]
[TimeControl "180+2"]
[Date "2023.03.07"]
[WhiteClock "0:01:18"]
[BlackClock "0:00:27"]

1. d4 Nf6 2. Nf3 e6 3. Bf4 d5 4. e3 c5 5. c3 Nc6 6. Bd3 Bd6 7. Bg3 O-O 8. O-O b6 9. Nbd2 Bb7 10. Qe2 Ne7 11. e4 dxe4 12. Nxe4 Nxe4 13. Bxe4 Bxe4 14. Qxe4 Nf5 15. dxc5 Bxc5 16. Bf4 Qe7 17. Ne5 Rad8 18. Rad1 Rxd1 19. Rxd1 Rd8 20. Qe2 h6 21. g4 Rxd1+ 22. Qxd1 Qh4 23. Nd3 Ne7 24. b4 Bxf2+ 25. Nxf2 Nd5 26. Qd4 Qe7 27. Bd2 Qc7 28. Nd3 Nf6 29. c4 Qc6 30. Ne5 Qa4 31. Qd8+ Kh7 32. Qd3+ Kg8 33. Qb3 Qe8 34. b5 Qe7 35. Bb4 Qc7 36. Qe3 Nh7 37. Qd4 Ng5 38. Qd6 Qb7 39. Nc6 a5 40. Bc3 Kh7 41. Qd3+ g6 42. Qd4 Nf3+ 43. Kf2 Nxd4 44. Bxd4 Qd7 45. Ke3 Qd6 46. Ne5 Qa3+ 47. Ke4 Qxa2 48. Nd7 Qe2+ 49. Be3 Qxc4+ 50. Bd4 Qd5+ 0-1


[Site "https://www.chess.com"]

[Event "Titled Tuesday Blitz March 07 Late 2023"]
[White "Fernandez Garcia, Gumersindo"]
[Black "Burg, Twan"]
[WhiteFideId "24516740"]
[BlackFideId "1010697"]
[WhiteElo "2093"]
[BlackElo "2422"]
[Result "0-1"]
[Round "02"]
[TimeControl "180+2"]
[Date "2023.03.07"]
[WhiteClock "0:00:01"]
[BlackClock "0:00:17"]

1. d4 Nf6 2. c4 e6 3. Nf3 d5 4. g3 Be7 5. Bg2 O-O 6. O-O dxc4 7. Qc2 b5 8. a4 Bb7 9. axb5 a6 10. bxa6 Nxa6 11. Qxc4 Bd5 12. Qc3 Ne4 13. Qe1 Nb4 14. Rxa8 Qxa8 15. Nc3 Nxc3 16. bxc3 Na2 17. Bf4 Rb8 18. Bxc7 Rc8 19. Bf4 Nxc3 20. Qd2 Qa6 21. Re1 Bb4 22. Qb2 Na2 23. Rd1 Nc3 24. Re1 Na2 25. Rd1 Bc3 26. Qb1 Qxe2 27. Ng5 g6 28. Bxd5 exd5 29. Rf1 Nb4 30. Qb3 Qc2 31. Qxc2 Nxc2 32. Rc1 Nxd4 33. Kg2 Rc4 34. Be3 Nf5 35. Bf4 Bb4 36. Rb1 Be7 37. Nf3 Rc8 38. Rb7 Bf6 39. Rd7 Rd8 40. Rxd8+ Bxd8 41. Be5 f6 42. Bb2 Kf7 43. g4 Nd6 44. Nd4 Nc4 45. Bc3 Bc7 46. h3 Ne5 47. Nb5 Bb8 48. Nd4 Nd3 49. Nc6 Bc7 50. f3 Nf4+ 51. Kf2 Nxh3+ 52. Ke3 Bb6+ 53. Bd4 Bc7 54. Nb4 Nf4 55. Bc5 Be5 0-1


[Site "https://www.chess.com"]

[Event "Titled Tuesday Blitz March 07 Late 2023"]
[White "Hamidi, Amir Mohammad"]
[Black "Carbone, Diego"]
[WhiteFideId "12563285"]
[BlackFideId "3002179"]
[WhiteElo "2228"]
[BlackElo "2266"]
[Result "1-0"]
[Round "02"]
[TimeControl "180+2"]
[Date "2023.03.07"]
[WhiteClock "0:00:54"]
[BlackClock "0:00:27"]

1. d4 Nf6 2. c4 e6 3. Nc3 d5 4. Bg5 Bb4 5. Qa4+ Nc6 6. e3 O-O 7. cxd5 exd5 8. Nf3 h6 9. Bxf6 Qxf6 10. Rc1 Bg4 11. Be2 Rfe8 12. O-O Bxc3 13. Rxc3 Re6 14. Qb5 Qd8 15. h3 Bf5 16. Rc5 Rd6 17. Rfc1 Rb8 18. Qa4 a6 19. b4 Bd7 20. Qb3 Ne7 21. a4 c6 22. Ne5 Be8 23. b5 axb5 24. axb5 Qb6 25. Rb1 Rdd8 26. bxc6 Qxb3 27. Rxb3 bxc6 28. Rbc3 Rb1+ 29. Rc1 Rdb8 30. Bf3 f6 31. Nd3 Kf7 32. Rc3 Rxc1+ 33. Rxc1 Ke6 34. Ra1 Kd6 35. Ra7 Rb1+ 36. Kh2 Bg6 37. Nc5 Bf5 38. Bg4 Bxg4 39. hxg4 1-0


[Site "https://www.chess.com"]

[Event "Titled Tuesday Blitz March 07 Late 2023"]
[White "Remolar Gallen, Jose"]
[Black "Real_OceanStorm"]
[WhiteFideId "2215187"]
[WhiteElo "2223"]
[BlackElo "2784"]
[Result "0-1"]
[Round "02"]
[TimeControl "180+2"]
[Date "2023.03.07"]
[WhiteClock "0:00:01"]
[BlackClock "0:00:03"]

1. e4 c5 2. Nf3 Nc6 3. Bb5 d6 4. O-O Bd7 5. Re1 Nf6 6. c3 a6 7. Bf1 e5 8. h3 Be7 9. d4 cxd4 10. cxd4 exd4 11. Nxd4 Nxd4 12. Qxd4 Rc8 13. Nc3 O-O 14. Bf4 Re8 15. Rad1 Rc6 16. Bc4 Be6 17. Nd5 b5 18. Bb3 Qc8 19. Nxe7+ Rxe7 20. Bxd6 Rd7 21. Bxe6 fxe6 22. e5 Rc4 23. Qb6 Nd5 24. Rxd5 exd5 25. e6 Rd8 26. e7 Re8 27. Qe3 Re4 28. Qd2 Qe6 29. Rxe4 Qxe4 30. b4 Qe6 31. Bc5 Qe4 32. g3 Kf7 33. h4 d4 34. Qg5 Qf3 35. Qe5 d3 36. Bd4 Rxe7 37. Qxg7+ Ke8 38. Qg8+ Kd7 0-1


[Site "https://www.chess.com"]

[Event "Titled Tuesday Blitz March 07 Late 2023"]
[White "Harsh Suresh"]
[Black "Kokoszczynski, Jan"]
[WhiteFideId "45018464"]
[BlackFideId "1174460"]
[WhiteElo "2227"]
[BlackElo "2139"]
[Result "1-0"]
[Round "02"]
[TimeControl "180+2"]
[Date "2023.03.07"]
[WhiteClock "0:00:11"]
[BlackClock "0:00:02"]

1. e4 e5 2. Nf3 Nc6 3. Bb5 a6 4. Ba4 Nf6 5. O-O Nxe4 6. d4 Be7 7. Re1 b5 8. Bb3 d5 9. a4 Bg4 10. axb5 Nxd4 11. bxa6 O-O 12. Nc3 Nxc3 13. bxc3 Nxb3 14. cxb3 e4 15. h3 Bh5 16. g4 exf3 17. gxh5 Bc5 18. Qxf3 Qd6 19. b4 Bb6 20. h6 Rfe8 21. Rxe8+ Rxe8 22. Bf4 Qf6 23. Kg2 gxh6 24. Bg3 Qc6 25. Kh2 Ba7 26. Rg1 Re6 27. Bxc7+ Rg6 28. Rxg6+ hxg6 29. Be5 Qxa6 30. Qxd5 Qc8 31. Kg2 Bb8 32. Bf6 Bc7 33. b5 Qb8 34. c4 g5 35. Qc6 Ba5 36. c5 Qf4 37. Qe8+ Kh7 38. Qxf7# 1-0


[Site "https://www.chess.com"]

[Event "Titled Tuesday Blitz March 07 Late 2023"]
[White "Derige Kane, Yan"]
[Black "Milikow, Yoav"]
[WhiteFideId "20665431"]
[BlackFideId "2822237"]
[WhiteElo "2149"]
[BlackElo "2410"]
[Result "1-0"]
[Round "02"]
[TimeControl "180+2"]
[Date "2023.03.07"]
[WhiteClock "0:00:57"]
[BlackClock "0:00:31"]

1. d4 Nf6 2. Bg5 d5 3. e3 e6 4. Nd2 c5 5. c3 Nc6 6. f4 Qb6 7. Rb1 cxd4 8. exd4 Be7 9. Ngf3 h6 10. Bxf6 Bxf6 11. Bd3 Bd7 12. O-O O-O-O 13. a4 a5 14. Kh1 Kb8 15. Ne5 Be8 16. Ndf3 Rc8 17. Qd2 Bd8 18. b4 axb4 19. Nxc6+ Qxc6 20. cxb4 Qc3 21. Qe2 Bf6 22. b5 Bxd4 23. Nxd4 Qxd4 24. a5 Rc3 25. Rfd1 Qxf4 26. b6 Ba4 27. Rf1 Qd4 28. Bb5 Bc2 29. Ra1 Bf5 30. a6 Qxb6 31. axb7 Kxb7 32. Ba6+ Kc7 33. Qe5+ Kd7 34. Qxc3 f6 35. Rfc1 Rb8 36. Qg3 g5 37. Bd3 Bxd3 38. Qxd3 Kd6 39. Rab1 Qd8 40. Qa3+ Ke5 41. Qg3+ 1-0


[Site "https://www.chess.com"]

[Event "Titled Tuesday Blitz March 07 Late 2023"]
[White "Mahdavi, Reza"]
[Black "Kaplan, Avi Harrison"]
[WhiteFideId "12595926"]
[BlackFideId "30934559"]
[WhiteElo "2208"]
[BlackElo "1983"]
[Result "1-0"]
[Round "02"]
[TimeControl "180+2"]
[Date "2023.03.07"]
[WhiteClock "0:01:26"]
[BlackClock "0:00:05"]

1. Nf3 b5 2. g3 Bb7 3. Bg2 c5 4. Na3 a6 5. c4 b4 6. Nc2 d6 7. b3 Nd7 8. d4 Ngf6 9. O-O e6 10. Bb2 Be7 11. Qd3 O-O 12. Rad1 Qc7 13. Rfe1 a5 14. e4 cxd4 15. Nfxd4 Nc5 16. Qe3 Nfxe4 17. Nb5 Qd7 18. f3 Bg5 19. Qe2 Nc3 20. Bxc3 bxc3 21. Nxd6 Qc7 22. Nxb7 Nxb7 23. f4 Be7 24. Qf3 Nd6 25. Qxc3 Rac8 26. Nd4 Bf6 27. Qd2 Rfd8 28. Nc6 Nxc4 29. Qf2 Rxd1 30. Rxd1 Nd6 31. Qc5 Nf5 32. Qxa5 Bd4+ 33. Kh1 Qxa5 34. Nxa5 Ne3 35. Re1 Bc3 36. Rxe3 Bxa5 37. Bf3 Rc1+ 38. Kg2 Rc2+ 39. Re2 Rxe2+ 40. Bxe2 Bb4 41. Kf3 Kf8 42. Ke4 Ke7 43. Kd4 Kd6 44. Kc4 Ba3 45. b4 f6 46. Bd3 h6 47. h3 Bc1 48. f5 exf5 49. Bxf5 Be3 50. a4 Bf2 51. g4 Kc6 52. a5 Be1 53. b5+ Kb7 54. Be4+ Kb8 55. a6 Ka7 56. Kd5 Bc3 57. Bf5 Kb6 58. Ke6 Be5 59. Kf7 g5 60. Kg6 Bd4 61. Kxh6 Be5 62. Kh5 Bd4 63. Bd3 Be5 64. h4 gxh4 65. Kxh4 Bf4 66. Kh5 Bg5 67. Kg6 Bh4 68. Kf5 Bg5 69. Ke6 Bh4 70. Kd7 Bf2 71. Kc8 Bg3 72. Be2 Bf4 73. Kd8 Be5 74. Ke7 Bd4 75. Ke6 Be5 76. g5 Bc3 77. gxf6 Bb2 78. f7 Ba3 79. Kd7 Bc5 80. Ke8 Ka7 81. f8=Q Bxf8 82. Kxf8 Kb6 83. Ke7 Ka7 84. Kd6 Kb6 85. Kd7 Ka7 86. Kc8 Ka8 87. Kc7 Ka7 88. b6+ Ka8 89. Bf3# 1-0


[Site "https://www.chess.com"]

[Event "Titled Tuesday Blitz March 07 Late 2023"]
[White "Fier, Alexandr"]
[Black "Hirneise, Jens"]
[WhiteFideId "2107139"]
[BlackFideId "24614734"]
[WhiteElo "2610"]
[BlackElo "2345"]
[Result "1-0"]
[Round "02"]
[TimeControl "180+2"]
[Date "2023.03.07"]
[WhiteClock "0:00:50"]
[BlackClock "0:00:01"]

1. c4 c6 2. Nf3 d5 3. e3 Nf6 4. Nc3 e6 5. b3 Bd6 6. Bb2 O-O 7. Qc2 Qe7 8. Be2 a6 9. d4 Nbd7 10. O-O e5 11. cxd5 cxd5 12. dxe5 Nxe5 13. Rad1 Be6 14. Qb1 Rfd8 15. Rd4 Nxf3+ 16. Bxf3 Be5 17. Rdd1 Rac8 18. Ne2 Bb8 19. Nd4 Bg4 20. Bxg4 Nxg4 21. Nf3 Ne5 22. Nxe5 Bxe5 23. Bxe5 Qxe5 24. Rd4 Rc6 25. Rfd1 Rh6 26. g3 Rhd6 27. Qd3 f5 28. Rc1 R6d7 29. Rc5 h6 30. a4 Kh8 31. b4 Rd6 32. a5 R6d7 33. h4 Rd6 34. h5 Qe6 35. b5 Qe5 36. b6 f4 37. Rxf4 Qxh5 38. Rf5 Qg6 39. Rc7 d4 40. e4 Rc6 41. Rxb7 Rc3 42. Qd2 Qc6 43. Rff7 Qxe4 44. Rxg7 Rc6 45. Rh7+ Qxh7 46. Rxh7+ Kxh7 47. Qf4 Rcd6 48. b7 d3 49. b8=Q d2 50. Qf7+ Kh8 51. Qb2+ 1-0


[Site "https://www.chess.com"]

[Event "Titled Tuesday Blitz March 07 Late 2023"]
[White "Albornoz Cabrera, Carlos Daniel"]
[Black "Petrovic, Aleksa"]
[WhiteFideId "3518736"]
[BlackFideId "967629"]
[WhiteElo "2501"]
[BlackElo "2326"]
[Result "1-0"]
[Round "02"]
[TimeControl "180+2"]
[Date "2023.03.07"]
[WhiteClock "0:00:50"]
[BlackClock "0:00:27"]

1. Nf3 Nf6 2. c4 e6 3. Nc3 d5 4. d4 c6 5. Bg5 dxc4 6. e4 b5 7. e5 h6 8. Bh4 g5 9. Nxg5 hxg5 10. Bxg5 Nbd7 11. g3 Bb7 12. Bg2 Qb6 13. exf6 O-O-O 14. O-O c5 15. d5 b4 16. Rb1 Qa6 17. dxe6 Bxg2 18. e7 Bxf1 19. Kxf1 Bxe7 20. fxe7 Rdg8 21. Ne4 Rxg5 22. Nxg5 Qg6 23. h4 Re8 24. Rc1 Ne5 25. Qd5 Qd3+ 26. Qxd3 Nxd3 27. Rxc4 Rxe7 28. Ne4 f5 29. Nxc5 Rc7 30. h5 Nxc5 31. h6 Kb7 32. h7 Rxh7 33. Rxc5 Kb6 34. Rxf5 Rh1+ 35. Kg2 Rb1 36. b3 Rb2 37. g4 Rxa2 38. g5 Rc2 39. g6 Rc8 40. g7 Rg8 41. Rg5 a5 42. f4 a4 43. bxa4 b3 44. Rb5+ Kc6 45. Rxb3 Rxg7+ 46. Kf3 Kd6 47. a5 Ra7 48. Ra3 Ra6 49. Kg4 Ke6 50. Kg5 Kf7 51. Kf5 Rf6+ 52. Ke5 Re6+ 53. Kd5 1-0


[Site "https://www.chess.com"]

[Event "Titled Tuesday Blitz March 07 Late 2023"]
[White "Ehlvest, Jaan"]
[Black "Costachi, Mihnea"]
[WhiteFideId "4500016"]
[BlackFideId "1217518"]
[WhiteElo "2442"]
[BlackElo "2456"]
[Result "0-1"]
[Round "02"]
[TimeControl "180+2"]
[Date "2023.03.07"]
[WhiteClock "0:00:18"]
[BlackClock "0:00:52"]

1. e4 e5 2. Nf3 Nc6 3. Bb5 a6 4. Ba4 d6 5. O-O Bd7 6. c3 g6 7. d4 Bg7 8. Re1 Nf6 9. h3 O-O 10. Nbd2 Re8 11. Bc2 d5 12. dxe5 Nxe5 13. Nxe5 Rxe5 14. Nf3 Rxe4 15. Bxe4 dxe4 16. Ne5 Be6 17. Qxd8+ Rxd8 18. Bg5 h6 19. Bxf6 Bxf6 20. Rxe4 Rd2 21. b3 Bg7 22. Nxg6 Bxc3 23. Rc1 Bd4 24. Rxc7 Bxf2+ 25. Kh2 Rd3 26. g4 Bg3+ 27. Kg2 Bxc7 0-1


[Site "https://www.chess.com"]

[Event "Titled Tuesday Blitz March 07 Late 2023"]
[White "Barp, Alberto"]
[Black "Romkachess"]
[WhiteFideId "872555"]
[WhiteElo "2313"]
[BlackElo "2521"]
[Result "1-0"]
[Round "02"]
[TimeControl "180+2"]
[Date "2023.03.07"]
[WhiteClock "0:01:03"]
[BlackClock "0:00:29"]

1. d4 Nf6 2. Nf3 e6 3. Bg5 Be7 4. Nbd2 d5 5. e3 c5 6. c3 Nc6 7. Bd3 h6 8. Bh4 O-O 9. Ne5 Nxe5 10. dxe5 Nd7 11. Bg3 f5 12. exf6 Bxf6 13. e4 Be5 14. Nf3 Bxg3 15. hxg3 Qe7 16. Qe2 Qd6 17. Rd1 Ne5 18. Nxe5 Qxe5 19. exd5 Qxd5 20. Bb1 Qxg2 21. Be4 Rxf2 22. Bxg2 Rxg2 23. Qxg2 1-0


[Site "https://www.chess.com"]

[Event "Titled Tuesday Blitz March 07 Late 2023"]
[White "Pinheiro, Iung Alicio de O."]
[Black "EREBUNI91"]
[WhiteFideId "2104350"]
[WhiteElo "2283"]
[BlackElo "2751"]
[Result "1-0"]
[Round "02"]
[TimeControl "180+2"]
[Date "2023.03.07"]
[WhiteClock "0:00:12"]
[BlackClock "0:00:03"]

1. e4 c5 2. Nf3 d6 3. Bc4 Nf6 4. e5 dxe5 5. Nxe5 e6 6. Qe2 Be7 7. O-O O-O 8. b3 Nbd7 9. f4 Nb6 10. Bb2 Nxc4 11. bxc4 b6 12. Rf3 Bb7 13. Rg3 g6 14. d3 Re8 15. Nd2 Bf8 16. Ndf3 Nh5 17. Rg4 Bg7 18. Qe3 f6 19. Nxg6 hxg6 20. Rxg6 Kf7 21. Rg4 Bxf3 22. Qxf3 f5 23. Rg5 Bxb2 24. Qxh5+ Ke7 25. Re1 Bd4+ 26. Kh1 Rh8 27. Qe2 Qd6 28. Rg6 Rxh2+ 29. Kxh2 Qxf4+ 30. g3 Rh8+ 31. Kg2 Qc7 32. Qxe6+ Kd8 33. Rg8+ Rxg8 34. Qxg8+ Kd7 35. Qe8+ Kd6 36. Qe6# 1-0


[Site "https://www.chess.com"]

[Event "Titled Tuesday Blitz March 07 Late 2023"]
[White "Adewumi, Tanitoluwa"]
[Black "Berezin, Viktor"]
[WhiteFideId "30966396"]
[BlackFideId "14107872"]
[WhiteElo "2748"]
[BlackElo "2310"]
[Result "0-1"]
[Round "02"]
[TimeControl "180+2"]
[Date "2023.03.07"]
[WhiteClock "0:00:07"]
[BlackClock "0:00:11"]

1. e4 g6 2. d4 Bg7 3. Bc4 d6 4. Be3 Nf6 5. Nc3 O-O 6. Nf3 c6 7. O-O b5 8. Bd3 Nbd7 9. h3 e5 10. a4 b4 11. Ne2 a5 12. c3 Qe7 13. Re1 bxc3 14. bxc3 Ba6 15. Bxa6 Rxa6 16. Qd3 Raa8 17. Nd2 d5 18. exd5 cxd5 19. Qb5 Rfb8 20. Qc6 Rc8 21. Qb5 Rcb8 22. Qd3 Rb2 23. dxe5 Nxe5 24. Qd4 Nc6 25. Qh4 Rab8 26. Nf4 Qd7 27. Rad1 Rc2 28. Nf3 Rxc3 29. Nd4 Rc4 30. Nxc6 Qxc6 31. Qg5 d4 32. Bxd4 Ne4 33. Qe7 Bxd4 34. Nd5 Bxf2+ 35. Kh1 Bxe1 36. Qe5 Qb7 37. Ne7+ Kf8 38. Nd5 f6 39. Qe6 Qf7 40. Qb6 Rxb6 41. Nxb6 Nf2+ 42. Kg1 Nxd1 43. Nxc4 Qxc4 44. Kh2 Bb4 45. Kg1 Bc5+ 46. Kh2 Qxa4 47. Kh1 Qc2 48. Kh2 Qf2 49. h4 Qg1+ 50. Kg3 Qe3+ 51. Kh2 Nf2 52. h5 Ng4+ 53. Kh1 Qg1# 0-1


[Site "https://www.chess.com"]

[Event "Titled Tuesday Blitz March 07 Late 2023"]
[White "Rorrer, Grayson"]
[Black "Roberson, Peter T"]
[WhiteFideId "30944996"]
[BlackFideId "412384"]
[WhiteElo "2200"]
[BlackElo "2346"]
[Result "1-0"]
[Round "02"]
[TimeControl "180+2"]
[Date "2023.03.07"]
[WhiteClock "0:00:04"]
[BlackClock "0:00:15"]

1. c4 b6 2. Nf3 Bb7 3. g3 Bxf3 4. exf3 c5 5. Bg2 Nc6 6. O-O g6 7. d3 Bg7 8. Nc3 Nh6 9. a3 Nf5 10. Rb1 O-O 11. f4 Rc8 12. Bd2 a5 13. Na4 d6 14. Qb3 Ncd4 15. Qxb6 Rb8 16. Qxd8 Rfxd8 17. Bxa5 Re8 18. b4 Nc2 19. bxc5 dxc5 20. Nxc5 Nxa3 21. Rb7 Bd4 22. Na6 Ra8 23. Nc7 Rxa5 24. Nxe8 Nc2 25. Rb8 Ra2 26. Nd6+ Kg7 27. Nxf5+ gxf5 28. Ra8 Rb2 29. Ra5 Nb4 30. Rxf5 Nxd3 31. Rd5 Bxf2+ 32. Kh1 Nb4 33. Rb5 Bd4 34. c5 Bc3 35. c6 Rc2 36. Rc5 Nd3 37. c7 Nxc5 38. c8=Q Nd3 39. Qg4+ Kf8 40. Qc8+ Kg7 41. Be4 Nf2+ 42. Rxf2 Rxf2 43. Qxc3+ 1-0


[Site "https://www.chess.com"]

[Event "Titled Tuesday Blitz March 07 Late 2023"]
[White "Kochetov, Andrey"]
[Black "Hambleton, Aman"]
[WhiteFideId "24130532"]
[BlackFideId "2606577"]
[WhiteElo "2519"]
[BlackElo "2511"]
[Result "0-1"]
[Round "02"]
[TimeControl "180+2"]
[Date "2023.03.07"]
[WhiteClock "0:00:01"]
[BlackClock "0:00:08"]

1. e4 b6 2. d4 Bb7 3. Bd3 e6 4. f4 d5 5. e5 Ba6 6. Nf3 Bxd3 7. Qxd3 Qd7 8. O-O Ne7 9. c3 c5 10. Be3 Nf5 11. g4 Nxe3 12. Qxe3 h5 13. h3 hxg4 14. hxg4 Nc6 15. Nbd2 Be7 16. Kg2 O-O-O 17. Rh1 Kb7 18. a3 c4 19. Raf1 b5 20. Ng5 Bxg5 21. fxg5 Rxh1 22. Rxh1 g6 23. Rh7 Rc8 24. Qf2 Rc7 25. Nf3 Qe7 26. Qe3 a5 27. Nh4 Qe8 28. Qf4 b4 29. axb4 axb4 30. Qf6 Na7 31. Rh8 Qe7 32. Qxe7 Rxe7 33. cxb4 Nc6 34. b5 Nxd4 35. Nf3 Nxf3 36. Kxf3 Kb6 37. Ke3 Kxb5 38. Kd4 Rb7 39. Rf8 Kb4 40. Ke3 Kb3 41. Kd4 Kxb2 42. Rc8 Kc2 43. Rf8 Kd2 44. Rc8 c3 0-1


[Site "https://www.chess.com"]

[Event "Titled Tuesday Blitz March 07 Late 2023"]
[White "Sokac, Marko"]
[Black "Pulpan, Jakub"]
[WhiteFideId "14531356"]
[BlackFideId "302759"]
[WhiteElo "2355"]
[BlackElo "2484"]
[Result "0-1"]
[Round "02"]
[TimeControl "180+2"]
[Date "2023.03.07"]
[WhiteClock "0:00:43"]
[BlackClock "0:00:18"]

1. e4 e5 2. Nc3 Bb4 3. Bc4 Bxc3 4. dxc3 d6 5. Be3 Nf6 6. f3 Be6 7. Bxe6 fxe6 8. Qd2 Nc6 9. O-O-O Qe7 10. c4 O-O-O 11. Ne2 d5 12. exd5 exd5 13. cxd5 Rxd5 14. Qc3 Rhd8 15. Rxd5 Nxd5 16. Qb3 e4 17. f4 Na5 18. Qa4 Nc6 19. Bf2 e3 20. Bg3 Nb6 21. Qb5 Qe4 22. Be1 Qxg2 23. Rg1 Qxh2 24. Rxg7 Rd5 25. Rg8+ Kd7 26. Rg7+ Ke8 0-1


[Site "https://www.chess.com"]

[Event "Titled Tuesday Blitz March 07 Late 2023"]
[White "Bernat, David"]
[Black "Fernandez Guillen, Ernesto J."]
[WhiteFideId "2099225"]
[BlackFideId "3512428"]
[WhiteElo "2518"]
[BlackElo "2423"]
[Result "0-1"]
[Round "02"]
[TimeControl "180+2"]
[Date "2023.03.07"]
[WhiteClock "0:00:34"]
[BlackClock "0:00:19"]

1. c4 e5 2. g3 Nc6 3. Bg2 f5 4. Nc3 Nf6 5. e3 d6 6. Nge2 h6 7. d4 e4 8. f3 exf3 9. Bxf3 g5 10. Nd5 Bg7 11. Nxf6+ Qxf6 12. Bh5+ Kd8 13. O-O Ne7 14. b3 c6 15. Bb2 d5 16. Rb1 Qe6 17. Qd3 Bd7 18. Ba3 Qe4 19. Qxe4 dxe4 20. Rbd1 b6 21. d5 c5 22. b4 Rc8 23. bxc5 bxc5 24. d6 Ng8 25. Rd5 Nf6 26. Bf7 Nxd5 27. Bxd5 Be5 28. Rd1 Bxd6 29. Bxe4 Ke7 30. Bg2 Bc6 31. Nc3 Bxg2 32. Kxg2 Ke6 33. Nb5 Be7 34. Nxa7 Ra8 35. Nc6 Rxa3 36. Rd2 Rha8 0-1


[Site "https://www.chess.com"]

[Event "Titled Tuesday Blitz March 07 Late 2023"]
[White "Bilych, Olexiy"]
[Black "Nilsen, Tobias Lang"]
[WhiteFideId "14156504"]
[BlackFideId "1521624"]
[WhiteElo "2320"]
[BlackElo "2183"]
[Result "1-0"]
[Round "02"]
[TimeControl "180+2"]
[Date "2023.03.07"]
[WhiteClock "0:00:43"]
[BlackClock "0:00:14"]

1. d4 d5 2. c4 e6 3. Nf3 c6 4. Nc3 dxc4 5. e3 b5 6. a4 Bb4 7. Bd2 a5 8. axb5 Bxc3 9. Bxc3 cxb5 10. b3 Bb7 11. bxc4 b4 12. Bb2 Nf6 13. Bd3 O-O 14. O-O Nbd7 15. Nd2 Qc7 16. Qc2 e5 17. c5 a4 18. f3 a3 19. Bc1 Rfd8 20. Nb3 Bc6 21. Bd2 Rdb8 22. Rfb1 h6 23. Bc4 exd4 24. Nxd4 Ba4 25. Bxf7+ Kxf7 26. Qc4+ Kg6 27. Qd3+ Kf7 28. Qc4+ Kg6 29. Bxb4 Ne5 30. Qe2 Nd5 31. Qd2 Nxb4 32. Rxb4 Qxc5 33. Rxb8 Rxb8 34. Ne6 Qc4 35. Qd6 Rg8 36. Qxe5 Bd7 37. Nf4+ Kh7 38. Qd6 Qc3 39. Qxa3 Qxa3 40. Rxa3 Re8 41. Kf2 g5 42. Ne2 Kg6 43. g4 h5 44. h3 hxg4 45. hxg4 Rf8 46. Kg3 Bc6 47. Ra6 Rf6 48. Nd4 Bd7 49. Rxf6+ Kxf6 50. f4 gxf4+ 51. exf4 Bc8 52. f5 Bd7 53. Kf4 Bc8 54. g5+ Kg7 55. Ke5 Ba6 56. Ne6+ Kf7 57. g6+ Kg8 58. f6 1-0


[Site "https://www.chess.com"]